 Dungeon Crawl Stone Soup version 0.27-a0-1200-g94dc6ad4cf (webtiles) character file.

Game seed: 2225739836479108144

14914 Snikeer the Frost Mage (level 12, -4/91 HPs)
             Began as a Gnoll Ice Elementalist on June 1, 2021.
             Was a Priest of Ashenzari.
             Slain by an ice beast (5 damage)
             ... summoned by an ice statue
             ... in an ice cave.
             The game lasted 00:27:18 (15485 turns).

Snikeer the Frost Mage (Gnoll Ice Elementalist)    Turns: 15485, Time: 00:27:19

Health: -4/91      AC: 20    Str:  8    XL:     12   Next: 21%
Magic:  24/24      EV: 18    Int: 19    God:    Ashenzari [***...]
Gold:   724        SH:  0    Dex: 19    Spells: 21/28 levels left

rFire    . . .     SeeInvis +   b - +7 longbow of Ashenzari's Affliction {speed, rF+, Range, Melee} (curse)
rCold    + . .     Faith    .   (shield currently unavailable)
rNeg     . . .     Spirit   .   k - +3 leather armour "Share My Fetters" {Will+, Range, Cun} (curse)
rPois    .         Reflect  .   (no helmet)
rElec    .         Harm     .   (no cloak)
rCorr    .         Rampage  .   t - +2 pair of gloves of Ashenzari's Anxiety {Bglg, Melee} (curse)
Will     +....     Clarity  +   m - +1 pair of boots
Stlth    ++++......             (no amulet)
HPRegen  0.25/turn              g - +6 ring of dexterity
MPRegen  0.19/turn              c - ring "Shackled With Me" {Ice, rC+, rF-, Elem, Alch} (curse)

@: ice-armoured, hasted, very quick
A: fangs 1, strong nose, distributed training
a: Renounce Religion, Curse Item, Shatter the Chains


You were in an ice cave.
You worshipped Ashenzari.
Ashenzari was most pleased with you.
You visited 3 branches of the dungeon, and saw 13 of its levels.
You also visited: Sewer and Ice Cave.

You collected 724 gold pieces.

Inventory:

Hand Weapons
 a - a +2 short sword of venom
   (You found it on level 2 of the Dungeon)
 b - the cursed +7 longbow of Ashenzari's Affliction (weapon) {speed, rF+, Range, Melee}
   (You acquired it on level 7 of the Dungeon)

   Attacks with this weapon are significantly faster.
   It protects you from fire.
   It has a curse which improves the following skills: Ranged Combat: Slings,
   Bows, Crossbows and Throwing.
   Melee Combat: Short Blades, Long Blades, Axes, Maces & Flails, Polearms,
   Staves and Unarmed Combat.
Missiles
 e - 57 poisoned darts
 h - 90 arrows (quivered ammo)
 j - 74 sling bullets
 n - 84 bolts
 o - 4 datura-tipped darts
 s - 276 stones
 A - 2 curare-tipped darts
 B - 2 throwing nets {!d}
 G - 3 javelins
 N - 9 boomerangs
Armour
 k - the cursed +3 leather armour "Share My Fetters" (worn) {Will+, Range, Cun}
   (You took it off Ijyb on level 3 of the Dungeon)

   It has a curse which improves the following skills: Ranged Combat: Slings,
   Bows, Crossbows and Throwing.
   Cunning:   Dodging and Stealth.
 m - a +1 pair of boots (worn)
   (You found it on level 5 of the Dungeon)
 t - the cursed +2 pair of gloves of Ashenzari's Anxiety (worn) {Bglg, Melee}
   (You found it on level 3 of the Dungeon)

   It has a curse which improves the following skills: Beguiling: Conjurations,
   Hexes and Translocations.
   Melee Combat: Short Blades, Long Blades, Axes, Maces & Flails, Polearms,
   Staves and Unarmed Combat.
 x - a +0 helmet
   (You found it on level 11 of the Dungeon)
Magical Staves
 P - a staff of fire {rF+}
   (You found it on level 10 of the Dungeon)
Jewellery
 c - the cursed ring "Shackled With Me" (right hand) {Ice, rC+, rF-, Elem, Alch}
   (You found it on level 7 of the Dungeon)

   [ring of ice]

   It enhances your ice magic.
   It makes you vulnerable to fire.
   It protects you from cold.
   It has a curse which improves the following skills: Elements: Fire Magic, Ice
   Magic, Air Magic and Earth Magic.
   Alchemy:   Poison Magic and Transmutations.
 g - a +6 ring of dexterity (left hand)
   (You found it on level 2 of the Dungeon)
 u - a ring of flight {+Fly, !d}
   (You found it on level 7 of the Dungeon)
 C - a ring of protection from cold {rC+, !d}
   (You found it on level 8 of the Dungeon)
Wands
 d - a wand of digging (13)
   (You found it on level 5 of the Dungeon)
 i - a wand of iceblast (15)
   (You found it on level 7 of the Dungeon)
 p - a wand of paralysis (12)
   (You took it off Ijyb on level 3 of the Dungeon)
 q - a wand of flame (23)
   (You found it on level 10 of the Dungeon)
 y - a wand of mindburst (12)
   (You found it on level 7 of the Dungeon)
Scrolls
 f - 6 scrolls of amnesia
 r - a scroll of fog
 z - 2 scrolls of enchant weapon
 D - 3 scrolls of blinking {!r}
 E - 2 scrolls of fear
 K - a scroll of immolation {!r}
 O - a scroll of silence
 W - a scroll of holy word {!r}
 X - 2 scrolls of magic mapping {@r4!r}
 Y - 6 scrolls of teleportation {@r3}
Potions
 l - 4 potions of attraction {!q}
 v - a potion of cancellation
 w - a potion of might
 I - 2 potions of invisibility
 J - a potion of curing {@q1}
 L - 4 potions of flight
 M - a potion of magic
 R - a potion of resistance
 T - a potion of berserk rage {!q}
 U - 3 potions of mutation {!q}
Miscellaneous
 F - a piece from Xom's chessboard (15/15)
   (You found it on level 9 of the Dungeon)


   Skills:
 + Level 7.1 Fighting
 + Level 7.1(10.0) Short Blades
 + Level 7.1(10.0) Long Blades
 + Level 7.1(10.0) Axes
 + Level 7.1(10.0) Maces & Flails
 + Level 7.1(10.0) Polearms
 + Level 7.1(10.0) Staves
 + Level 7.1(10.0) Slings
 + Level 7.1(10.0) Bows
 + Level 7.1(10.0) Crossbows
 + Level 7.1(10.0) Throwing
 + Level 7.1 Armour
 + Level 8.5(10.4) Dodging
 + Level 8.3(10.2) Stealth
 + Level 7.1 Shields
 + Level 7.1(10.0) Unarmed Combat
 + Level 8.7 Spellcasting
 + Level 5.8(7.7) Conjurations
 + Level 5.8(7.7) Hexes
 + Level 5.8 Summonings
 + Level 5.8 Necromancy
 + Level 5.8(7.7) Translocations
 + Level 5.8(7.7) Transmutations
 + Level 5.8(7.7) Fire Magic
 + Level 9.3(11.1) Ice Magic
 + Level 5.8(7.7) Air Magic
 + Level 5.8(7.7) Earth Magic
 + Level 5.8(7.7) Poison Magic
 + Level 7.7 Invocations
 + Level 7.1 Evocations


You had 21 spell levels left.
You knew the following spells:

 Your Spells              Type           Power      Damage    Failure   Level
a - Freeze                Ice            100%       1d11      1%          1
b - Frozen Ramparts       Ice            100%       1d12      1%          3
A - Ozocubu's Armour      Ice            66%        N/A       1%          3

Your spell library contained the following spells:

 Spells                   Type           Power      Damage    Failure   Level
 Hailstorm                Conj/Ice       60%        3d13      2%          4
 Metabolic Englaciation   Hex/Ice        30%        N/A       7%          5


Dungeon Overview and Level Annotations

Branches:
Dungeon (11/15)            Temple (1/1) D:4            Lair (0/6) D:9
    Orc (1/2) D:11          Sewer (visited)           IceCv (1/1)

Altars:
Ashenzari
Cheibriados
Dithmenos
Elyvilon
Fedhas
Gozag
Hepliaklqana
Kikubaaqudgha
Makhleb
Nemelex Xobeh
Okawaru
Qazlal
Ru
Sif Muna
Trog
Uskayaw
Vehumet
Wu Jian
Xom
Yredelemnul
Zin
The Shining One

Annotations:
D:6 2 transporters IceCv 1 transporter, exclusion: 2 ice statues


Innate Abilities, Weirdness & Mutations

You have very sharp teeth.
Your uncanny sense of smell can sniff out nearby items.
Your experience applies equally to all skills.


Message History

You shoot an arrow. The arrow hits the ice statue.
You are engulfed in freezing vapours.
You resist. The ice beast barely misses you. The ice beast hits you.
The ice beast freezes you. You resist.
The ice beast hits you but does no damage.
The ice beast closely misses you.
You take 6 damage, and have 45/91 hp.
There are no items here.
Fire: 97 arrows
Press: ? - help, Q - select action, (/) - cycle Shift-Dir - straight line, f/p - ice statue
Aim: an ice statue (freezing vapour, moderately damaged, 95% to hit)
You shoot an arrow. The arrow hits the ice statue!
You are engulfed in freezing vapours.
You resist. The ice beast closely misses you.
The ice beast hits you but does no damage. x2
You take 1 damage, and have 44/91 hp.
There are no items here.
Fire: 96 arrows
Press: ? - help, Q - select action, (/) - cycle Shift-Dir - straight line, f/p - ice statue
Aim: an ice statue (freezing vapour, heavily damaged, 95% to hit)
You shoot an arrow.
The arrow hits the ice statue but does no damage.
You are engulfed in freezing vapours.
You resist. The ice beast barely misses you. The ice statue gestures at you.
The bolt of cold hits the ice statue.
The ice statue completely resists.
The bolt of cold misses you. The ice beast closely misses you.
You take 7 damage, and have 37/91 hp.
MP restored: 24
There are no items here.
Fire: 95 arrows
Press: ? - help, Q - select action, (/) - cycle Shift-Dir - straight line, f/p - ice statue
Aim: an ice statue (heavily damaged, 95% to hit)
You shoot an arrow. The arrow barely misses the ice statue.
The arrow hits the ice statue!
You are engulfed in freezing vapours.
You resist.
The ice beast hits you but does no damage.
The ice beast closely misses you. x2; The ice beast barely misses you.
The ice statue gestures at you. The freezing blast engulfs you. You resist.
You take 9 damage, and have 28/91 hp.
There are no items here.
Fire: 94 arrows
Press: ? - help, Q - select action, (/) - cycle Shift-Dir - straight line, f/p - ice statue
Aim: an ice statue (freezing vapour, heavily damaged, 95% to hit)
You shoot an arrow. The arrow hits the ice statue.
You are engulfed in freezing vapours.
You resist.
* * * LOW HITPOINT WARNING * * *
The ice beast barely misses you. The ice beast hits you.
* * * LOW HITPOINT WARNING * * *
The ice beast freezes you. You resist.
* * * LOW HITPOINT WARNING * * *
The ice beast hits you but does no damage.
There are no items here.
You take 11 damage, and have 17/91 hp.
Fire: 93 arrows
Press: ? - help, Q - select action, (/) - cycle Shift-Dir - straight line, f/p - ice statue
Aim: an ice statue (freezing vapour, heavily damaged, 95% to hit)
You shoot an arrow. The arrow hits the ice statue!
The ice beast hits you.
* * * LOW HITPOINT WARNING * * *
The ice beast freezes you. You resist.
* * * LOW HITPOINT WARNING * * *
The ice beast completely misses you. The ice beast misses you.
The ice beast hits you.
* * * LOW HITPOINT WARNING * * *
The ice beast freezes you. You resist.
* * * LOW HITPOINT WARNING * * *
There are no items here.
You take 9 damage, and have 8/91 hp.
Fire: 92 arrows
Press: ? - help, Q - select action, (/) - cycle Shift-Dir - straight line, f/p - ice statue
Aim: an ice statue (freezing vapour, severely damaged, 95% to hit)
You shoot an arrow. The arrow hits the ice statue.
The ice beast barely misses you.
The ice statue gestures.
The ice statue gestures at you.
The bolt of cold hits the ice beast.
The ice beast completely resists.
The bolt of cold hits the ice statue.
The ice statue completely resists.
The bolt of cold misses you.
The ice beast hits you but does no damage.
The ice beast completely misses you.
You feel better. The ice beast misses you. The ice beast barely misses you.
The ice beast hits you but does no damage.
The ice beast misses you.
You regained 10 hp, and now have 19/91 hp.
You feel yourself speed up.
The ice beast hits you but does no damage.
The ice beast misses you. The ice statue gestures at you.
The bolt of cold hits you! You resist.
* * * LOW HITPOINT WARNING * * *
The ice beast misses you. The ice beast closely misses you.
You take 14 damage, and have 5/91 hp.
Fire: 91 arrows
Press: ? - help, Q - select action, (/) - cycle Shift-Dir - straight line, f/p - ice statue
Aim: an ice statue (severely damaged, 95% to hit)
You shoot an arrow. The arrow hits the ice statue!
The ice beast hits you but does no damage.
The ice beast hits you.
* * * LOW HITPOINT WARNING * * *
The ice beast freezes you. You resist.
You die...

###########
##...?©(...##
#...8.[.8...#
##..Y°°.(....##
#...YYY°......#
#...@8...8....#
#...YY........#
##...........#*
#...........#
#.....©.....#
##.........##
##...∩...##
##.....##
#######


You could see 2 ice statues and 6 ice beasts.

Vanquished Creatures
  An orc warlord (Orc:1)
  A hydra (D:7)
  A centaur warrior (D:9)
  A two-headed ogre (D:10)
  An orc knight (Orc:1)
  3 ugly things
  2 cyclopes
  A centaur zombie (D:11)
  2 komodo dragons (D:9)
  2 kobold demonologists
  2 rime drakes (Orc:1)
  A shadow (D:11)
  Sigmund (D:8)
  A wyvern (D:9)
  8 yaks
  A basilisk (D:9)
  A wraith (D:10)
  3 acid dragons
  A warg (Orc:1)
  A water moccasin (D:6)
  2 hornet zombies
  A swamp drake (D:9)
  2 black bears
  8 orc warriors
  2 sky beasts
  7 ice beasts
  A necrophage (D:7)
  3 ogres (Orc:1)
  2 centaurs (D:10)
  2 phantoms (D:11)
  2 kobold brigands
  7 bullfrogs
  4 scorpions
  2 troll zombies (D:11)
  6 killer bees (D:10)
  4 wights (D:7)
  5 howler monkeys
  A bullfrog zombie (D:7)
  2 jellies
  4 hounds
  4 orc priests
  Ijyb (D:3)
  A bullfrog skeleton (D:5)
  A gnoll shaman (D:9)
  2 iguanas
  Terence (D:3)
  8 orc wizards
  6 ogre zombies (D:11)
  4 gnolls (D:9)
  A howler monkey skeleton (D:6)
  8 adders
  A river rat (D:4)
  2 ufetubi
  2 adder skeletons (D:4)
  6 worms
  3 dart slugs
  35 orcs
  8 ball pythons
  11 endoplasms
  5 giant cockroaches
  6 goblins
  6 hobgoblins
  16 jackals
  14 kobolds
  7 quokkas
  10 bats
  2 frilled lizards
  A goblin skeleton (D:11)
  5 goblin zombies (D:11)
  6 hobgoblin zombies (D:11)
  An orc skeleton (D:11)
  12 orc zombies (D:11)
  5 rats
303 creatures vanquished.

Vanquished Creatures (others)
  A butterfly (D:5)
  A plant (D:4)
  3 withered plants (D:1)
5 creatures vanquished.

Grand Total: 308 creatures vanquished

Notes
Turn   | Place    | Note
-------+----------+-------------------------------------------
     0 | D:1      | Snikeer the Gnoll Ice Elementalist began the quest for the
                  | Orb.
     0 | D:1      | Reached XP level 1. HP: 13/13 MP: 6/6
   357 | D:1      | Reached XP level 2. HP: 19/19 MP: 7/7
   591 | D:1      | Found a faded altar of an unknown god.
   921 | D:1      | Reached XP level 3. HP: 25/25 MP: 7/9
   925 | D:1      | Reached skill level 5 in Spellcasting
  1626 | D:2      | Reached skill level 1 in Invocations
  1673 | D:2      | Reached skill level 1 in Fighting
  1673 | D:2      | Reached skill level 1 in Short Blades
  1673 | D:2      | Reached skill level 1 in Long Blades
  1673 | D:2      | Reached skill level 1 in Axes
  1673 | D:2      | Reached skill level 1 in Maces & Flails
  1673 | D:2      | Reached skill level 1 in Polearms
  1673 | D:2      | Reached skill level 1 in Staves
  1673 | D:2      | Reached skill level 1 in Slings
  1673 | D:2      | Reached skill level 1 in Bows
  1673 | D:2      | Reached skill level 1 in Crossbows
  1673 | D:2      | Reached skill level 1 in Throwing
  1673 | D:2      | Reached skill level 1 in Armour
  1673 | D:2      | Reached skill level 1 in Shields
  1673 | D:2      | Reached skill level 1 in Unarmed Combat
  1673 | D:2      | Reached skill level 1 in Evocations
  1673 | D:2      | Reached XP level 4. HP: 25/32 MP: 7/11
  1862 | D:2      | Learned a level 3 spell: Frozen Ramparts
  1866 | D:2      | Learned a level 3 spell: Ozocubu's Armour
  2614 | D:3      | Noticed Ijyb
  2618 | D:3      | Paralysed by Ijyb for 2 turns
  2622 | D:3      | Paralysed by Ijyb for 7 turns
  2628 | D:3      | HP: 8/32 [Ijyb/+0 club (4)]
  2629 | D:3      | Killed Ijyb
  2630 | D:3      | Reached skill level 1 in Conjurations
  2630 | D:3      | Reached skill level 1 in Hexes
  2630 | D:3      | Reached skill level 1 in Summonings
  2630 | D:3      | Reached skill level 1 in Necromancy
  2630 | D:3      | Reached skill level 1 in Translocations
  2630 | D:3      | Reached skill level 1 in Transmutations
  2630 | D:3      | Reached skill level 1 in Fire Magic
  2630 | D:3      | Reached skill level 1 in Air Magic
  2630 | D:3      | Reached skill level 1 in Earth Magic
  2630 | D:3      | Reached skill level 1 in Poison Magic
  2913 | D:3      | Noticed Terence
  2920 | D:3      | Reached XP level 5. HP: 33/37 MP: 12/12
  3269 | D:3      | Found an iron altar of Okawaru.
  3548 | D:3      | Found a radiant altar of Vehumet.
  3555 | D:3      | Found an opulent altar of Gozag.
  3569 | D:3      | Found a stormy altar of Qazlal.
  3577 | D:3      | Found a shadowy altar of Dithmenos.
  3915 | D:3      | Killed Terence
  3988 | D:4      | Found a glowing drain.
  3998 | Sewer    | Entered a sewer
  4465 | Sewer    | Reached skill level 2 in Invocations
  4465 | Sewer    | Reached XP level 6. HP: 44/44 MP: 13/13
  4794 | D:4      | Reached skill level 5 in Dodging
  4896 | D:4      | Reached skill level 2 in Fighting
  4896 | D:4      | Reached skill level 2 in Short Blades
  4896 | D:4      | Reached skill level 2 in Long Blades
  4896 | D:4      | Reached skill level 2 in Axes
  4896 | D:4      | Reached skill level 2 in Maces & Flails
  4896 | D:4      | Reached skill level 2 in Polearms
  4896 | D:4      | Reached skill level 2 in Staves
  4896 | D:4      | Reached skill level 2 in Slings
  4896 | D:4      | Reached skill level 2 in Bows
  4896 | D:4      | Reached skill level 2 in Crossbows
  4896 | D:4      | Reached skill level 2 in Throwing
  4896 | D:4      | Reached skill level 2 in Armour
  4896 | D:4      | Reached skill level 2 in Shields
  4896 | D:4      | Reached skill level 2 in Unarmed Combat
  4896 | D:4      | Reached skill level 2 in Evocations
  5284 | D:4      | Found a staircase to the Ecumenical Temple.
  5605 | D:4      | Reached XP level 7. HP: 50/50 MP: 15/15
  5751 | Temple   | Entered the Ecumenical Temple
  5987 | Temple   | Became a worshipper of Ashenzari the Shackled
  6218 | D:5      | Entered Level 5 of the Dungeon
  6506 | D:5      | Reached skill level 2 in Conjurations
  6506 | D:5      | Reached skill level 2 in Hexes
  6506 | D:5      | Reached skill level 2 in Summonings
  6506 | D:5      | Reached skill level 2 in Necromancy
  6506 | D:5      | Reached skill level 2 in Translocations
  6506 | D:5      | Reached skill level 2 in Transmutations
  6506 | D:5      | Reached skill level 2 in Fire Magic
  6506 | D:5      | Reached skill level 2 in Air Magic
  6506 | D:5      | Reached skill level 2 in Earth Magic
  6506 | D:5      | Reached skill level 2 in Poison Magic
  6628 | D:5      | Reached skill level 5 in Stealth
  6784 | D:5      | Reached skill level 3 in Invocations
  6956 | D:5      | Reached XP level 8. HP: 57/57 MP: 12/16
  7027 | D:5      | Found a white marble altar of Elyvilon.
  7331 | D:6      | Reached skill level 3 in Fighting
  7331 | D:6      | Reached skill level 3 in Short Blades
  7331 | D:6      | Reached skill level 3 in Long Blades
  7331 | D:6      | Reached skill level 3 in Axes
  7331 | D:6      | Reached skill level 3 in Maces & Flails
  7331 | D:6      | Reached skill level 3 in Polearms
  7331 | D:6      | Reached skill level 3 in Staves
  7331 | D:6      | Reached skill level 3 in Slings
  7331 | D:6      | Reached skill level 3 in Bows
  7331 | D:6      | Reached skill level 3 in Crossbows
  7331 | D:6      | Reached skill level 3 in Throwing
  7331 | D:6      | Reached skill level 3 in Armour
  7331 | D:6      | Reached skill level 3 in Shields
  7331 | D:6      | Reached skill level 3 in Unarmed Combat
  7331 | D:6      | Reached skill level 3 in Evocations
  7502 | D:6      | Noticed a two-headed ogre
  7503 | D:6      | Found a blossoming altar of Fedhas.
  7503 | D:6      | Noticed a two-headed ogre
  7504 | D:6      | Noticed a gargoyle
  7509 | D:6      | Found a transporter.
  7680 | D:6      | Reached skill level 6 in Spellcasting
  7943 | D:6      | Found a transporter.
  8658 | D:7      | Reached skill level 3 in Conjurations
  8658 | D:7      | Reached skill level 3 in Hexes
  8658 | D:7      | Reached skill level 3 in Summonings
  8658 | D:7      | Reached skill level 3 in Necromancy
  8658 | D:7      | Reached skill level 3 in Translocations
  8658 | D:7      | Reached skill level 3 in Transmutations
  8658 | D:7      | Reached skill level 3 in Fire Magic
  8658 | D:7      | Reached skill level 3 in Air Magic
  8658 | D:7      | Reached skill level 3 in Earth Magic
  8658 | D:7      | Reached skill level 3 in Poison Magic
  8658 | D:7      | Reached skill level 4 in Invocations
  8662 | D:7      | Reached skill level 6 in Dodging
  8667 | D:7      | Reached XP level 9. HP: 65/65 MP: 15/18
  8744 | D:7      | Identified a scroll of acquirement
  8770 | D:7      | Acquired the +7 longbow "Ugogoru" {speed, rF+}
  8860 | D:7      | Noticed a four-headed hydra
  8860 | D:7      | Noticed a cyclops
  8926 | D:7      | Reached skill level 4 in Fighting
  8926 | D:7      | Reached skill level 4 in Short Blades
  8926 | D:7      | Reached skill level 4 in Long Blades
  8926 | D:7      | Reached skill level 4 in Axes
  8926 | D:7      | Reached skill level 4 in Maces & Flails
  8926 | D:7      | Reached skill level 4 in Polearms
  8926 | D:7      | Reached skill level 4 in Staves
  8926 | D:7      | Reached skill level 4 in Slings
  8926 | D:7      | Reached skill level 4 in Bows
  8926 | D:7      | Reached skill level 4 in Crossbows
  8926 | D:7      | Reached skill level 4 in Throwing
  8926 | D:7      | Reached skill level 4 in Armour
  8926 | D:7      | Reached skill level 4 in Shields
  8926 | D:7      | Reached skill level 4 in Unarmed Combat
  8926 | D:7      | Reached skill level 4 in Evocations
  9063 | D:7      | Killed a cyclops
  9064 | D:7      | Reached skill level 6 in Stealth
  9064 | D:7      | Reached skill level 8 in Ice Magic
  9070 | D:7      | HP: 16/65 [four-headed hydra (13)]
  9070 | D:7      | HP: 6/65 [four-headed hydra (10)]
  9072 | D:7      | Killed a four-headed hydra
  9073 | D:7      | Reached skill level 5 in Invocations
  9430 | D:7      | Reached skill level 7 in Spellcasting
  9792 | D:8      | Reached XP level 10. HP: 54/73 MP: 17/20
  9991 | D:8      | Reached * piety under Ashenzari
  9991 | D:8      | Reached ** piety under Ashenzari
  9999 | D:8      | Reached skill level 4 in Conjurations
  9999 | D:8      | Reached skill level 4 in Hexes
  9999 | D:8      | Reached skill level 4 in Summonings
  9999 | D:8      | Reached skill level 4 in Necromancy
  9999 | D:8      | Reached skill level 4 in Translocations
  9999 | D:8      | Reached skill level 4 in Transmutations
  9999 | D:8      | Reached skill level 4 in Fire Magic
  9999 | D:8      | Reached skill level 4 in Air Magic
  9999 | D:8      | Reached skill level 4 in Earth Magic
  9999 | D:8      | Reached skill level 4 in Poison Magic
 10072 | D:8      | Noticed Sigmund
 10078 | D:8      | Killed Sigmund
 10085 | D:8      | Reached skill level 5 in Fighting
 10085 | D:8      | Reached skill level 5 in Short Blades
 10085 | D:8      | Reached skill level 5 in Long Blades
 10085 | D:8      | Reached skill level 5 in Axes
 10085 | D:8      | Reached skill level 5 in Maces & Flails
 10085 | D:8      | Reached skill level 5 in Polearms
 10085 | D:8      | Reached skill level 5 in Staves
 10085 | D:8      | Reached skill level 5 in Slings
 10085 | D:8      | Reached skill level 5 in Bows
 10085 | D:8      | Reached skill level 5 in Crossbows
 10085 | D:8      | Reached skill level 5 in Throwing
 10085 | D:8      | Reached skill level 5 in Armour
 10085 | D:8      | Reached skill level 5 in Shields
 10085 | D:8      | Reached skill level 5 in Unarmed Combat
 10085 | D:8      | Reached skill level 5 in Evocations
 11140 | D:9      | Noticed a centaur warrior
 11179 | D:8      | Reached skill level 7 in Dodging
 11693 | D:9      | Killed a centaur warrior
 11694 | D:9      | Reached skill level 7 in Stealth
 11694 | D:9      | Reached skill level 6 in Invocations
 12173 | D:9      | Found a staircase to the Lair.
 12357 | D:9      | Reached XP level 11. HP: 68/81 MP: 15/22
 12555 | D:10     | Entered Level 10 of the Dungeon
 12585 | D:10     | Noticed a cyclops
 12592 | D:10     | Killed a cyclops
 12593 | D:10     | Reached skill level 6 in Fighting
 12593 | D:10     | Reached skill level 6 in Short Blades
 12593 | D:10     | Reached skill level 6 in Long Blades
 12593 | D:10     | Reached skill level 6 in Axes
 12593 | D:10     | Reached skill level 6 in Maces & Flails
 12593 | D:10     | Reached skill level 6 in Polearms
 12593 | D:10     | Reached skill level 6 in Staves
 12593 | D:10     | Reached skill level 6 in Slings
 12593 | D:10     | Reached skill level 6 in Bows
 12593 | D:10     | Reached skill level 6 in Crossbows
 12593 | D:10     | Reached skill level 6 in Throwing
 12593 | D:10     | Reached skill level 6 in Armour
 12593 | D:10     | Reached skill level 6 in Shields
 12593 | D:10     | Reached skill level 6 in Unarmed Combat
 12593 | D:10     | Reached skill level 5 in Conjurations
 12593 | D:10     | Reached skill level 5 in Hexes
 12593 | D:10     | Reached skill level 5 in Summonings
 12593 | D:10     | Reached skill level 5 in Necromancy
 12593 | D:10     | Reached skill level 5 in Translocations
 12593 | D:10     | Reached skill level 5 in Transmutations
 12593 | D:10     | Reached skill level 5 in Fire Magic
 12593 | D:10     | Reached skill level 5 in Air Magic
 12593 | D:10     | Reached skill level 5 in Earth Magic
 12593 | D:10     | Reached skill level 5 in Poison Magic
 12593 | D:10     | Reached skill level 6 in Evocations
 12757 | D:10     | Found Cilliadd's Antique Weapon Boutique.
 12819 | D:10     | HP: 15/81 [centaur/arrow (7)]
 12819 | D:10     | HP: 4/81 [centaur/arrow (11)]
 12821 | D:10     | Noticed a soul eater
 12821 | D:10     | Noticed a sixfirhy
 13058 | D:10     | Reached skill level 8 in Spellcasting
 13661 | D:10     | Noticed a two-headed ogre
 13664 | D:10     | HP: 7/81 [two-headed ogre/+0 giant spiked club (20)]
 13667 | D:10     | Killed a two-headed ogre
 13668 | D:10     | Reached *** piety under Ashenzari
 14173 | D:11     | Noticed a purple ugly thing
 14197 | D:11     | Killed a purple ugly thing
 14198 | D:11     | Reached skill level 9 in Ice Magic
 14198 | D:11     | Reached skill level 7 in Invocations
 14450 | D:11     | Reached skill level 8 in Dodging
 14450 | D:11     | Found a staircase to the Orcish Mines.
 14993 | Orc:1    | Entered Level 1 of the Orcish Mines
 15007 | Orc:1    | Noticed an orc warlord
 15035 | Orc:1    | HP: 18/73 [orc warlord/+2 dire flail of draining (26)]
 15036 | Orc:1    | Killed an orc warlord
 15037 | Orc:1    | Reached skill level 8 in Stealth
 15042 | Orc:1    | Noticed an orc knight
 15054 | Orc:1    | HP: 11/83 [orc warrior/+0 glaive[an orc warlord] (7)]
 15081 | Orc:1    | Killed an orc knight
 15082 | Orc:1    | Reached XP level 12. HP: 41/89 MP: 19/24
 15119 | Orc:1    | Found a frozen archway.
 15294 | IceCv    | Entered an ice cave
 15307 | IceCv    | Reached skill level 7 in Fighting
 15307 | IceCv    | Reached skill level 7 in Short Blades
 15307 | IceCv    | Reached skill level 7 in Long Blades
 15307 | IceCv    | Reached skill level 7 in Axes
 15307 | IceCv    | Reached skill level 7 in Maces & Flails
 15307 | IceCv    | Reached skill level 7 in Polearms
 15307 | IceCv    | Reached skill level 7 in Staves
 15307 | IceCv    | Reached skill level 7 in Slings
 15307 | IceCv    | Reached skill level 7 in Bows
 15307 | IceCv    | Reached skill level 7 in Crossbows
 15307 | IceCv    | Reached skill level 7 in Throwing
 15307 | IceCv    | Reached skill level 7 in Armour
 15307 | IceCv    | Reached skill level 7 in Shields
 15307 | IceCv    | Reached skill level 7 in Unarmed Combat
 15307 | IceCv    | Reached skill level 7 in Evocations
 15411 | IceCv    | Found a transporter.
 15456 | IceCv    | Identified the +0 pair of gloves "Naneinenti" {Slay+2
                  | Stlth+}
 15456 | IceCv    | Found a transporter.
 15480 | IceCv    | HP: 22/91 [ice statue] (6)]
 15481 | IceCv    | HP: 8/91 [ice beast[an ice statue] (3)]
 15485 | IceCv    | HP: 1/91 [ice beast[an ice statue] (4)]
 15485 | IceCv    | Slain by an ice beast

Illustrated notes

Levels and vault maps discovered:
D:1:      dpeg_arrival_round_a, layout_loops_corners,
          shapermc_ecumenical_altar_flowoftime, minivault_27
D:2:      layout_basic
D:3:      layout_basic, nicolae_overflow_crystal_walls,
          grunt_temple_overflow_cloverleaf, kennysheep_flooded_box, uniq_ijyb,
          uniq_terence
D:4:      minmay_chambers_of_fours, layout_basic, minmay_temple_entry_mist,
          serial_forest, infiniplex_forest_join, infiniplex_forest_zigzag_2,
          infiniplex_forest_clump_small, infiniplex_forest_lined_room_3,
          infiniplex_forest_corner_2, infiniplex_forest_clump_small,
          infiniplex_forest_lined_corner, portal_sewer_entry_c,
          minmay_misc_feat_roman
D:5:      layout_basic, nicolae_elyvilon_peaceful_grove
D:6:      layout_cave_pods, gammafunk_temple_overflow_arena
D:7:      kennysheep_big_flooded_room, layout_cave_pools, corexii_checkpoint_b,
          minivault_24
D:8:      layout_basic, kennysheep_another_room, nicolae_wwwww, sigmund_army
D:9:      layout_rooms, erik_lair_dragon, lemuel_old_faithful
D:10:     layout_cave_pools, serial_shops, shop_statue,
          kennysheep_generic_room_12
D:11:     layout_roguey, zombieorc2_lemuel
Temple:   regret_index_temple_generic_petals
Orc:1:    layout_caves, portal_ice_cave_rime, mines2_david, uniq_nergalle
IceCv:    ice_cave_statue_garden_transporter

Skill      XL: |  1  2  3  4  5  6  7  8  9 10 11 12 |
---------------+-------------------------------------+-----
Spellcasting   | 5 6 7 8 |  8.7
Invocations    | 1 2 3 4 5 6 7 |  7.7
Fighting       | 1 2 3 4 5 6 7 |  7.1
Short Blades   | 1 2 3 4 5 6 7 |  7.1
Long Blades    | 1 2 3 4 5 6 7 |  7.1
Axes           | 1 2 3 4 5 6 7 |  7.1
Maces & Flails | 1 2 3 4 5 6 7 |  7.1
Polearms       | 1 2 3 4 5 6 7 |  7.1
Staves         | 1 2 3 4 5 6 7 |  7.1
Slings         | 1 2 3 4 5 6 7 |  7.1
Bows           | 1 2 3 4 5 6 7 |  7.1
Crossbows      | 1 2 3 4 5 6 7 |  7.1
Throwing       | 1 2 3 4 5 6 7 |  7.1
Armour         | 1 2 3 4 5 6 7 |  7.1
Shields        | 1 2 3 4 5 6 7 |  7.1
Unarmed Combat | 1 2 3 4 5 6 7 |  7.1
Evocations     | 1 2 3 4 5 6 7 |  7.1
Conjurations   | 1 2 3 4 5 |  5.8
Hexes          | 1 2 3 4 5 |  5.8
Summonings     | 1 2 3 4 5 |  5.8
Necromancy     | 1 2 3 4 5 |  5.8
Translocations | 1 2 3 4 5 |  5.8
Transmutations | 1 2 3 4 5 |  5.8
Fire Magic     | 1 2 3 4 5 |  5.8
Air Magic      | 1 2 3 4 5 |  5.8
Earth Magic    | 1 2 3 4 5 |  5.8
Poison Magic   | 1 2 3 4 5 |  5.8
Dodging        | 5 6 7 8 |  8.5
Stealth        | 5 6 7 8 |  8.3
Ice Magic      | 8 9 |  9.3

Action                   |  1- 3 |  4- 6 |  7- 9 | 10-12 || total
-------------------------+-------+-------+-------+-------++-------
Melee: Dagger            |    25 |       |       |       ||    25
       Short sword       |     4 |   176 |   128 |       ||   308
       Bite              |     4 |    17 |    16 |       ||    37
       Punch             |       |       |     1 |       ||     1
 Fire: Longbow           |       |       |    75 |   461 ||   536
Throw: Stone             |     1 |     1 |       |       ||     2
 Cast: Freeze            |    26 |    36 |    16 |     1 ||    79
       Ozocubu's Armour  |       |       |     4 |    17 ||    21
       Frozen Ramparts   |       |       |     6 |    20 ||    26
Invok: Curse Item        |       |       |     1 |     3 ||     4
Evoke: Wand              |       |       |       |     1 ||     1
  Use: Scroll            |       |     5 |     1 |     3 ||     9
       Potion            |       |     2 |       |     9 ||    11
 Stab: Sleeping          |     7 |    12 |     5 |       ||    24
       Distracted        |       |     1 |       |       ||     1
Armor: Robe              |     2 |     5 |       |       ||     7
       Leather armour    |       |    54 |    74 |   106 ||   234
Dodge: Dodged            |    18 |   150 |   116 |   235 ||   519

Table legend: (Time is in decaauts)
 A = Elapsed time spent in this place.
 B = Non-inter-level travel time spent in this place.
 C = Inter-level travel time spent in this place.
 D = Time resting spent in this place.
 E = Time spent auto-exploring this place.
 F = Levels seen in this place.
 G = Mean time per level.
                   A        B        C        D        E       F      G
               +--------+--------+--------+--------+--------+-----+--------+
         Total |  15538 |  14445 |   1093 |    155 |  12086 |  15 | 1035.9 |
       Dungeon |  14063 |  12987 |   1076 |      0 |  11130 |  11 | 1278.5 |
        Temple |    254 |    237 |     17 |      0 |    232 |   1 |  254.0 |
  Orcish Mines |    254 |    254 |      0 |    155 |      0 |   1 |  254.0 |
         Sewer |    789 |    789 |      0 |      0 |    629 |   1 |  789.0 |
      Ice Cave |    176 |    176 |      0 |      0 |     95 |   1 |  176.0 |
               +--------+--------+--------+--------+--------+-----+--------+

Top non-repeatable levels by time:
     D:8: 1892 daAuts
     D:1: 1553 daAuts
     D:4: 1490 daAuts
     D:3: 1348 daAuts
     D:9: 1342 daAuts
     D:7: 1265 daAuts
     D:6: 1213 daAuts
    D:10: 1176 daAuts
     D:2: 1047 daAuts
     D:5: 928 daAuts
    D:11: 804 daAuts
   Sewer: 789 daAuts
  Temple: 254 daAuts
   Orc:1: 254 daAuts
   IceCv: 176 daAuts

Table legend:
 A = Kills in this place as a percentage of kills in entire the game.
 B = Kills by you in this place as a percentage of kills by you in the entire game.
 C = Kills by friends in this place as a percentage of kills by friends in the entire game.
 D = Other kills in this place as a percentage of other kills in the entire game.
 E = Experience gained in this place as a percentage of experience gained in the entire game.
 F = Experience gained in this place divided by the number of levels of this place that you have seen.
                   A       B       C       D       E      F
               +-------+-------+-------+-------+-------+----------------------
         Total | 100.0 | 100.0 |   N/A |   N/A | 100.0 | 1420.4
       Dungeon |  80.5 |  80.5 |   N/A |   N/A |  71.2 | 1378.4
  Orcish Mines |   9.2 |   9.2 |   N/A |   N/A |  20.8 | 4431.0
         Sewer |   7.6 |   7.6 |   N/A |   N/A |   0.2 |  49.0
      Ice Cave |   2.6 |   2.6 |   N/A |   N/A |   7.8 | 1664.0
               +-------+-------+-------+-------+-------+----------------------
